Cogmind - Beta 16.1 @@@ ROGUE MODE // 2026.04.24 @ 09:40:23 Player: FR-13D Result: Destroyed by H-61 Shepherd with Heavy Assault Cannon Performance ------------- Evolutions (2) 1000 Regions Visited (6) 1200 Robots Destroyed (19) 95 Value Destroyed (500) 500 Prototype IDs (28) 560 Alien Tech Used (0) 0 Bonus (300) 300 TOTAL SCORE: 3655 Bonus ------- Aligned with FarCom 300 Cogmind --------- Core Integrity 0/550 Matter 277/300 Energy 100/100 System Corruption 0% Temperature Cool (1) Movement Hovering (180) Ox2 Location -8/Materials Parts ------- > --- POWER (1) -------- (None) > --- PROPULSION (4) --- Hover Unit > --- UTILITY (4) ------ Medium Storage Unit Improved Signal Interpreter > --- WEAPON (2) ------- Powered Hammer > --- INVENTORY (10) --- Surge Thruster Scrap Suit Weight Redist. System Trap Reconfigurator Beamcaster Plasma Cutter Peak State ------------ > --- POWER ------------ Light Angular Momentum Engine > --- PROPULSION ------- Gravmag System Gravmag System Gravmag System Gravmag System > --- UTILITY ---------- Cooling System Medium Storage Unit Improved Signal Interpreter Medium Reflective Plating > --- WEAPON ----------- Beamcaster Powered Hammer > --- INVENTORY -------- Light Nuclear Core Hover Unit Improved Hover Unit Scrap Suit Weight Redist. System Trap Reconfigurator Spread Laser Pulse Rifle Plasma Cutter [Rating: 43] Favorites ----------- Power Ion Engine Engine Ion Engine Power Core Light Nuclear Core Propulsion Wheel Treads Light Treads Wheel Wheel Hover Unit Gravmag System Utility Huge Storage Unit Device Seismic Detector Storage Huge Storage Unit Processor Signal Interpreter Protection Light Armor Plating Weapon Spread Laser Energy Gun Spread Laser Energy Cannon Light EM Pulse Cannon Ballistic Gun Light Assault Rifle Impact Weapon Hammer Build | -11 -10 -9 -9 -9 -8 -8 ------- Run | Yrd Mat Mat Min Exi Min Mat Slots Evolved 4 | . . 2 . . . 2 Power . | . . . . . . . Propulsion 2 | . . 1 . . . 1 Utility 2 | . . 1 . . . 1 Weapon . | . . . . . . . Parts Attached 52 | 7 5 12 11 . 1 16 Power 4 | 1 . 1 1 . . 1 Engine 3 | 1 . 1 . . . 1 Core 1 | . . . 1 . . . Reactor . | . . . . . . . Propulsion 19 | 2 2 5 3 . . 7 Treads 3 | . 2 1 . . . . Leg . | . . . . . . . Wheel 10 | 2 . 4 3 . . 1 Hover 6 | . . . . . . 6 Flight . | . . . . . . . Utility 16 | 2 2 2 4 . . 6 Device 7 | 1 . . 4 . . 2 Storage 3 | 1 1 . . . . 1 Processor 2 | . . 1 . . . 1 Hackware . | . . . . . . . Protection 4 | . 1 1 . . . 2 Artifact . | . . . . . . . Weapon 13 | 2 1 4 3 . 1 2 Energy Gun 6 | . . 2 2 . 1 1 Energy Cannon 1 | . . . 1 . . . Ballistic Gun 4 | 2 1 1 . . . . Ballistic Cannon . | . . . . . . . Launcher . | . . . . . . . Special Weapon . | . . . . . . . Impact Weapon 2 | . . 1 . . . 1 Slashing Weapon . | . . . . . . . Piercing Weapon . | . . . . . . . Special Melee Weapon . | . . . . . . . Unidentified Prototypes 1 | . . . 1 . . . Parts Lost 12 | . . . 4 . . 8 Power 3 | . . . 1 . . 2 Propulsion 5 | . . . 1 . . 4 Utility . | . . . . . . . Weapon 4 | . . . 2 . . 2 Highest Loss Streak 8 | . . . 1 . . 8 To Critical Strikes . | . . . . . . . Average Backups 19 | 3 14 23 24 25 24 10 Power 1 | . 2 2 2 2 2 . Propulsion 5 | 2 3 5 7 7 7 2 Utility 8 | . 6 11 10 10 10 4 Weapon 3 | . 2 4 4 4 3 1 Tool/Special . | . . . . . . . Unused Backups 21 | . 1 3 4 1 2 10 Power 4 | . . 1 1 1 . 1 Propulsion 3 | . . . 1 . . 2 Utility 12 | . 1 2 2 . 1 6 Weapon 1 | . . . . . 1 . Tool/Special 1 | . . . . . . 1 Average Slot Usage (%) 94 | . 100 95 98 85 95 82 Engine 7 | . 14 11 5 . . 6 Core 3 | . . . 5 11 11 . Treads 2 | . 1 1 7 . . . Wheel 26 | . 26 30 25 33 33 6 Hover 1 | . . . . . . 22 Device 10 | . 12 8 10 11 11 7 Storage 11 | . 14 11 11 11 11 9 Processor 7 | . . 8 11 11 11 9 Protection 1 | . 1 2 . . . 4 Energy Gun 7 | . . 8 14 . 17 12 Ballistic Gun 10 | . 28 12 3 . . . Impact Weapon 1 | . . . . 7 . 3 Peak Build Rating 43 | 7 9 14 22 17 24 43 Average Rating 14 | 5 8 12 16 14 21 31 On Entrance 12 | . 7 9 14 17 16 24 Avg Prop Armor Cover (%) 16 | . 6 12 18 . . . Naked Turns . | . . . . . . . Heaviest Build 98 | 13 91 94 93 89 94 98 Greatest Support 48 | 26 40 36 32 32 32 48 Greatest Overweight (x) 9 | . 5 9 7 2 2 4 Average Overweight (x) 2 | . 2 2 3 2 2 . Largest Inventory Capacity 25 | 8 25 25 25 25 25 25 Average Capacity 23 | 7 24 25 25 25 25 11 Most Carried 25 | 6 19 25 25 25 25 24 Average Carried 19 | 3 14 23 24 24 24 10 Final Capacity 25 | 8 25 25 25 25 25 10 Final Carried 25 | 6 19 25 25 25 25 7 Class Distribution -------------------- 89% | Mutant 10% | Scavenger-Mutant Dominant Class ---------------- Mutant | -10/Materials Mutant | -9/Materials Mutant | -9/Mines Mutant | -9/Exiles Scavenger-Mutant | -8/Mines Mutant | -8/Materials Resources | -11 -10 -9 -9 -9 -8 -8 ----------- Run | Yrd Mat Mat Min Exi Min Mat Matter Collected 1263 | 296 196 160 373 . 61 177 Remotely . | . . . . . . . Salvage Created 657 | 121 106 117 168 . . 145 Parts 38 | 6 4 10 4 . . 14 Haulers Intercepted . | . . . . . . . Recyclers Shooed 1 | . . 1 . . . . Parts Field Recycled . | . . . . . . . Retrieved Matter . | . . . . . . . Parts Self-Destructed . | . . . . . . . Prevented . | . . . . . . . Parts Restored . | . . . . . . . Kills | -11 -10 -9 -9 -9 -8 -8 ------- Run | Yrd Mat Mat Min Exi Min Mat Combat Hostiles Destroyed 26 | . 3 3 15 . . 5 Guns 23 | . 3 2 14 . . 4 Cannons 1 | . . . 1 . . . AOE 1 | . . 1 . . . . Classes Destroyed 9 | 2 2 2 2 . . 1 Worker 1 | . . . 1 . . . Tunneler 3 | 3 . . . . . . Recycler 1 | 1 . . . . . . Watcher 1 | . . 1 . . . . Swarmer 1 | . 1 . . . . . Cutter 3 | . . . . . . 3 Grunt 6 | . 2 2 2 . . . Sentry 3 | . . 1 . . . 2 Assembled 13 | . . . 13 . . . Best Kill Streak 3 | 3 2 2 3 . . 2 Combat Bots Only 3 | . 2 2 3 . . 2 Max Kills in Single Turn 2 | 1 1 1 2 . . 1 Gunslinging 1 | . . . 1 . . . Exploded 1 | . . 1 . . . . Melee . | . . . . . . . Uniques/NPCs Destroyed . | . . . . . . . Combat | -11 -10 -9 -9 -9 -8 -8 -------- Run | Yrd Mat Mat Min Exi Min Mat Hostile Shots Fired 135 | . 18 13 52 . . 52 Missed 26 | . 2 4 10 . . 10 Hits 109 | . 16 9 42 . . 42 Melee 31 | . . . 11 . . 20 Projectile 78 | . 16 9 31 . . 22 Critical Strikes 7 | . . . 1 . . 6 Part Disruptions 1 | . . . 1 . . . Damage Taken 2373 | . 181 197 744 . . 1251 Core 800 | . . 54 181 . . 565 Absorbed by Shields . | . . . . . . . Ignored by Resistances 9 | . . . . . . 9 Core Remaining (%) 80 | 100 100 . . . 41 . Volleys Fired 90 | 13 9 12 37 . . 19 Largest 2 | 2 2 2 2 . . 2 Hottest 138 | 40 40 88 130 . . 138 Shots Fired 170 | 26 18 24 67 . . 35 Gun 166 | 26 18 24 63 . . 35 Cannon 4 | . . . 4 . . . Launcher . | . . . . . . . Special . | . . . . . . . Kinetic 59 | 26 18 12 3 . . . Thermal 107 | . . 12 60 . . 35 Explosive . | . . . . . . . Electromagnetic 4 | . . . 4 . . . Robot Hit Streak 12 | 3 8 12 6 . . 8 Robot Miss Streak 17 | 3 1 4 17 . . 5 Penetration Max . | . . . . . . . Secondary Targets 3 | . 1 . 2 . . . Max Gunslinging Chain 1 | . 1 . 1 . . . Shots Hit Robots 133 | 16 14 22 57 . . 24 Core Hits 120 | 7 6 17 74 . . 16 Critical Kills 1 | . . 1 . . . . Critical Parts Destroyed . | . . . . . . . Critical Strikes 2 | . . 1 . . . 1 Burn 1 | . . . . . . 1 Destroy 1 | . . 1 . . . . Melee Attacks 15 | . . 2 . . . 13 Impact 15 | . . 2 . . . 13 Slashing . | . . . . . . . Piercing . | . . . . . . . Sneak Attacks . | . . . . . . . Combat Hostiles . | . . . . . . . Follow-up Attacks . | . . . . . . . Damage Inflicted 1815 | 131 154 392 638 . . 500 Guns 1592 | 131 154 278 583 . . 446 Cannons 55 | . . . 55 . . . Explosions 114 | . . 114 . . . . Melee 54 | . . . . . . 54 Ramming . | . . . . . . . Kinetic 459 | 131 154 125 49 . . . Thermal 1133 | . . 153 534 . . 446 Explosive 114 | . . 114 . . . . Electromagnetic 55 | . . . 55 . . . Impact 54 | . . . . . . 54 Slashing . | . . . . . . . Piercing . | . . . . . . . Highest Corruption 4 | . . . 4 4 4 . Average Corruption 4 | . . . 4 4 4 . Corruption Purged . | . . . . . . . Corruption Blocked . | . . . . . . . Effects 28 | . . . 13 9 6 . Message Errors 9 | . . . 5 1 3 . Matter Fused 8 | . . . 5 2 1 . Heat Flow Errors 3 | . . . 2 1 . . Energy Discharges 1 | . . . . 1 . . Data Loss (minor) 5 | . . . 1 3 1 . Data Loss (major) 2 | . . . . 1 1 . Overload Shots . | . . . . . . . Overflow Damage 32 | . . . . . . 32 Projectiles . | . . . . . . . Explosions . | . . . . . . . Melee 32 | . . . . . . 32 Knockbacks . | . . . . . . . Impact . | . . . . . . . Kinetic . | . . . . . . . Secondary . | . . . . . . . Self-Inflicted Damage 95 | . . 95 . . . . Shots 1 | . . 1 . . . . Rammed . | . . . . . . . Targets Rammed . | . . . . . . . Kicked . | . . . . . . . Crushed . | . . . . . . . Highest Temperature 438 | . 46 177 438 172 . 178 Average Temperature 83 | . 23 66 108 88 . 61 Received Heat Transfer 361 | . 93 57 184 . . 27 Siege Activations . | . . . . . . . Martial Activations . | . . . . . . . Shielding Activations . | . . . . . . . Robots Disrupted . | . . . . . . . Combat Hostiles . | . . . . . . . Robots Corrupted 1 | . . . . . . 1 Combat Hostiles 1 | . . . . . . 1 Parts Fried . | . . . . . . . Impact Corruptions 2 | . . . . . . 2 Robots Melted . | . . . . . . . Combat Hostiles . | . . . . . . . Parts Melted 1 | . . . . . . 1 Heat Transferred 1754 | . . 195 680 . . 879 Parts Sabotaged . | . . . . . . . Parts Stolen . | . . . . . . . Parts Stripped . | . . . . . . . Power Chain Reactions . | . . . . . . . Alert | -11 -10 -9 -9 -9 -8 -8 ------- Run | Yrd Mat Mat Min Exi Min Mat Maximum Alert Level . | . . . . . . . Low Security (%) 100 | 100 100 100 100 . 100 100 Level 1 . | . . . . . . . Level 2 . | . . . . . . . Level 3 . | . . . . . . . Level 4 . | . . . . . . . Level 5 . | . . . . . . . High Security . | . . . . . . . Max Security . | . . . . . . . Peak Influence 93 | 5 46 93 59 . . 52 Initial 13 | . . 13 9 . . . Average 8 | 1 5 21 4 . . 11 Influence Increases 496 | 20 103 163 55 . . 155 Destroy 0b10 Robot/C 260 | . 60 60 40 . . 100 Destroy 0b10 Robot/NC 30 | 20 . 5 5 . . . Destroy Leader 72 | . 10 22 10 . . 30 Successful Hack 28 | . 18 10 . . . . Disable Machine 45 | . . 30 . . . 15 Destroy Structure 46 | . . 36 . . . 10 Lose Combat Pursuer 15 | . 15 . . . . . Influence Decreases 496 | 20 72 168 81 . . 155 Entered New Map 35 | . . 18 17 . . . Time Decay 398 | 20 72 150 64 . . 92 Lost Part 63 | . . . . . . 63 Squads Dispatched 3 | . 1 1 . . . 1 Investigation 1 | . 1 . . . . . Extermination . | . . . . . . . Reinforcement 2 | . . 1 . . . 1 Assault . | . . . . . . . Garrison . | . . . . . . . Intercept . | . . . . . . . Searches Triggered . | . . . . . . . Construction Impeded . | . . . . . . . Haulers Reinforced . | . . . . . . . Active Scanning Responses . | . . . . . . . Cargo Convoy Interrupts . | . . . . . . . Stealth | -11 -10 -9 -9 -9 -8 -8 --------- Run | Yrd Mat Mat Min Exi Min Mat Distress Signals 3 | . 2 . . . . 1 Communications Jammed . | . . . . . . . Distress Signals . | . . . . . . . Times Spotted 42 | . 11 6 17 . . 8 Peak Tracking Total 5 | . 4 3 4 . . 5 Tactical Retreats 2 | . 1 . 1 . . . Traps | -11 -10 -9 -9 -9 -8 -8 ------- Run | Yrd Mat Mat Min Exi Min Mat Traps Triggered 4 | . 1 3 . . . . Indirectly . | . . . . . . . Trap Hack Attempts . | . . . . . . . Triggered . | . . . . . . . Disarmed . | . . . . . . . Reprogrammed . | . . . . . . . Reused . | . . . . . . . Traps Extracted . | . . . . . . . Installed . | . . . . . . . Triggered . | . . . . . . . Machines | -11 -10 -9 -9 -9 -8 -8 ---------- Run | Yrd Mat Mat Min Exi Min Mat Machines Disabled 3 | . . 2 . . . 1 Max in Single Turn 1 | . . 1 . . . 1 Machines Repaired . | . . . . . . . Machines Dismantled . | . . . . . . . Machines Sabotaged . | . . . . . . . Overloaded Fab Kills . | . . . . . . . Hacking | -11 -10 -9 -9 -9 -8 -8 --------- Run | Yrd Mat Mat Min Exi Min Mat Machines Accessed 11 | . 4 4 1 2 . . Terminals 8 | . 4 4 . . . . Fabricators . | . . . . . . . Repair Stations . | . . . . . . . Recycling Units . | . . . . . . . Scanalyzers . | . . . . . . . Garrison Access . | . . . . . . . Total Hacks 48 | . 10 13 1 24 . . Successful 35 | . 5 5 1 24 . . Failed 13 | . 5 8 . . . . Catastrophic 1 | . 1 . . . . . Database Lockouts . | . . . . . . . Manual 22 | . 8 13 . 1 . . Terminals 23 | . 10 13 . . . . Fabricators . | . . . . . . . Repair Stations . | . . . . . . . Recycling Units . | . . . . . . . Scanalyzers . | . . . . . . . Garrison Access . | . . . . . . . Terminal Hacks 30 | . 3 2 1 24 . . Record 23 | . . . . 23 . . Robot Analysis 3 | . 1 2 . . . . Prototype ID Bank 2 | . 2 . . . . . Open Door 1 | . . . 1 . . . Proto ID Catalog 1 | . . . . 1 . . Fabricator Hacks . | . . . . . . . Repair Station Hacks . | . . . . . . . Recycling Unit Hacks . | . . . . . . . Scanalyzer . | . . . . . . . Garrison Access Hacks . | . . . . . . . Unauthorized Hacks 5 | . 2 3 . . . . Terminals 5 | . 2 3 . . . . Botnet 5 | . 2 3 . . . . Fabricators . | . . . . . . . Repair Stations . | . . . . . . . Recycling Units . | . . . . . . . Scanalyzers . | . . . . . . . Garrison Access . | . . . . . . . Data Cores Recovered . | . . . . . . . Used . | . . . . . . . Hacking Detections 8 | . 4 4 . . . . Full Trace Events . | . . . . . . . Feedback Events . | . . . . . . . Feedback Blocked . | . . . . . . . Robot Schematics Acquired . | . . . . . . . Robots Built . | . . . . . . . Authchips . | . . . . . . . Time . | . . . . . . . Total Robot Build Rating . | . . . . . . . Part Schematics Acquired . | . . . . . . . Parts Built . | . . . . . . . Authchips . | . . . . . . . Time . | . . . . . . . Total Part Build Rating . | . . . . . . . Part Studies Acquired . | . . . . . . . Parts Repaired . | . . . . . . . Time . | . . . . . . . Parts Recycled . | . . . . . . . Recycled Matter . | . . . . . . . Retrieved Matter . | . . . . . . . Retrieved Components . | . . . . . . . Parts Scanalyzed . | . . . . . . . Part Schematics Acquired . | . . . . . . . Parts Damaged . | . . . . . . . Bothacking | -11 -10 -9 -9 -9 -8 -8 ------------ Run | Yrd Mat Mat Min Exi Min Mat Used RIF Installer . | . . . . . . . Robots Hacked . | . . . . . . . Non-combat . | . . . . . . . Combat . | . . . . . . . Robot Hacks Applied . | . . . . . . . Relay Couplers Released . | . . . . . . . Fabnet Peak Effective % . | . . . . . . . Robots Rewired . | . . . . . . . Allies Hacked . | . . . . . . . Hacks Repelled . | . . . . . . . Allies | -11 -10 -9 -9 -9 -8 -8 -------- Run | Yrd Mat Mat Min Exi Min Mat Total Allies . | . . . . . . . Largest Group . | . . . . . . . Highest-Rated Group . | . . . . . . . Highest-Rated Ally . | . . . . . . . Total Orders . | . . . . . . . Ally Attacks . | . . . . . . . Total Damage . | . . . . . . . Kills . | . . . . . . . Allies Corrupted . | . . . . . . . Allies Melted . | . . . . . . . Intel | -11 -10 -9 -9 -9 -8 -8 ------- Run | Yrd Mat Mat Min Exi Min Mat Active Infowar (turns) 2162 | 48 736 464 436 475 3 . Sensors 550 | . . . 72 475 3 . Seismic 1612 | 48 736 464 364 . . . Robot Analysis Total 3 | . 1 2 . . . . Derelict Logs Recovered 1 | . . . 1 . . . Drone Launches . | . . . . . . . Drone Recoveries . | . . . . . . . Exploration | -11 -10 -9 -9 -9 -8 -8 ------------- Run | Yrd Mat Mat Min Exi Min Mat Turns Passed 3290 | 122 818 587 827 475 191 270 Spaces Moved 2095 | 81 422 378 485 415 150 164 Core 2 | 1 . . . . . 1 Treads 2 | . 2 . . . . . Legs . | . . . . . . . Wheels 1950 | 80 420 378 485 415 150 22 Hover 141 | . . . . . . 141 Flight . | . . . . . . . Fastest Speed 48 | 50 90 116 110 113 113 48 Average Speed 119 | 89 132 122 133 113 113 75 Slowest Speed 320 | 90 320 215 195 113 113 250 Overloaded Moves . | . . . . . . . Propulsion Burnouts . | . . . . . . . Robots Hopped . | . . . . . . . Potential Cave-ins . | . . . . . . . Cave-ins Triggered . | . . . . . . . Exploration Rate (%) 43 | 4 57 29 78 90 41 8 Regions Visited 6 Branch Regions 3 Pre-discovered Areas 1 | . . . . 1 . . Known Exits Taken 4 | . . 1 1 1 1 . Unknown Exits Taken 2 | 1 1 . . . . . Scrap Searched 4 | . . . 2 . 2 . Spaces Dug 9 | . . . . . . 9 Terrain Destroyed 51 | . . 42 . . . 9 Melee 9 | . . . . . . 9 Projectile . | . . . . . . . AOE 42 | . . 42 . . . . Terrain Rammed . | . . . . . . . Walls Destroyed . | . . . . . . . Machines Disabled . | . . . . . . . Actions | -11 -10 -9 -9 -9 -8 -8 --------- Run | Yrd Mat Mat Min Exi Min Mat Total 2692 | 106 659 474 603 422 173 255 Wait 295 | . 202 27 35 1 16 14 Move 2089 | 80 421 377 484 414 149 164 Hop . | . . . . . . . Pick Up 57 | 6 13 17 14 1 3 3 Fast Attach 17 | 7 . 5 2 . . 3 Attach 15 | . . 3 4 1 1 6 Detach 3 | . . . . 2 . 1 Swap 62 | . 12 19 14 1 1 15 Drop 49 | . 2 12 13 2 3 17 Fire 90 | 13 9 12 37 . . 19 Melee 15 | . . 2 . . . 13 Ram . | . . . . . . . Kick . | . . . . . . . Crush . | . . . . . . . Escape Stasis . | . . . . . . . Rewire . | . . . . . . . Trap . | . . . . . . . Miscellaneous . | . . . . . . . Route ------- -11/Scrapyard -10/Materials (discovered 2 exits: *Mat / [*Min]) -9/Materials -9/Mines (discovered 2 exits: *Mat / *Exi) -9/Exiles -8/Mines (discovered 2 exits: *Mat x2) -8/Materials History --------- Turn | Location | Event 26 | -11/Scrapyard | Discovered new exit (range 15) 123 | -11/Scrapyard | Entered Materials 302 | -10/Materials | Build established: Mutant 691 | -10/Materials | Discovered new exit (range 7) 936 | -10/Materials | Discovered new exit (range 5) 941 | -10/Materials | Entered another Materials area 941 | -9/Materials | Evolved 2 slots: Propulsion x1, Utility x1 1509 | -9/Materials | Discovered new exit (range 10) 1527 | -9/Materials | Identified exit to Mines 1528 | -9/Materials | Entered Mines 1582 | -9/Mines | Assembled infested the area 1587 | -9/Mines | Assisted by a Guerilla fighting off Assembled 1723 | -9/Mines | Learned Materials stockpile data 2076 | -9/Mines | Found the Drone Emporium 2088 | -9/Mines | Found Prototype Device 2088 | -9/Mines | Identified Splice Drone Bay 2141 | -9/Mines | Core integrity fell below 50% 2239 | -9/Mines | Discovered new exit (range 6) 2257 | -9/Mines | Identified exit to Materials 2351 | -9/Mines | Deemed a non-threat by the Exiles lab entrance 2351 | -9/Mines | Discovered new exit (range 5) 2354 | -9/Mines | Identified exit to Exiles 2355 | -9/Mines | Entered Exiles 2387 | -9/Exiles | Met 8R-AWN 2405 | -9/Exiles | Met EX-HEX 2441 | -9/Exiles | Met EX-BIN 2460 | -9/Exiles | Aligned with FarCom system 2461 | -9/Exiles | Given EX-Vault access code 2492 | -9/Exiles | Opened EX-Vault 2500 | -9/Exiles | Found Trap Reconfigurator 2522 | -9/Exiles | Warned to stay clear of 0b10 Research branches 2559 | -9/Exiles | Met EX-DEC 2564 | -9/Exiles | Learned location of Zion (-6) 2650 | -9/Exiles | Visited The Gauntlet 2815 | -9/Exiles | Discovered new exit (range 14) 2827 | -9/Exiles | Identified exit to Mines 2830 | -9/Exiles | Left Exiles lab with Trap Reconfigurator 2830 | -9/Exiles | Entered Mines 2901 | -8/Mines | Found a Scrap Suit stashed away for nefarious purposes 2904 | -8/Mines | Found Scrap Suit 2954 | -8/Mines | Discovered exit to Materials (range 12) 2988 | -8/Mines | Discovered exit to Materials (range 4) 3021 | -8/Mines | Entered Materials 3021 | -8/Materials | Evolved 2 slots: Propulsion x1, Utility x1 3236 | -8/Materials | Core integrity fell below 50% 3269 | -8/Materials | Core integrity fell below 20% 3272 | -8/Materials | Lost 8 parts (2p4n2w) 3291 | -8/Materials | Destroyed by H-61 Shepherd with Heavy Assault Cannon Last Messages --------------- 03230_ Knocked back. 03231_ Gravmag System destroyed. 03232_ Knocked back. 03234_ Pulse Rifle destroyed. 03236_ Spread Laser severed. 03238_ Acquired Spread Laser. 03239_ Lgt. Nuclear Core destroyed. 03239_ C-17 Slicer destroyed. 03241_ Spread Laser destroyed. 03248_ Destroyed Blade Saw. 03248_ Destroyed Reaction Control System. 03248_ C-17 Slicer system corrupted by crushing effect. 03249_ C-17 Slicer system terminally corrupted. 03253_ Acquired Surge Thruster. 03255_ Acquired 3 matter. 03258_ Acquired 5 matter. 03264_ Acquired 8 matter. 03268_ Knocked back. 03269_ Acquired 3 matter. 03275_ Knocked back. Map ----- +----------------------------------------------------+ | ?????????????????????????????????????????????????? | | ?????????????????????????????????????????????????? | | ?????????????????????????????????????????????????? | | ?????????????????????????????????????????????????? | | ?????????????????????????????????????????????????? | | ?????????????????????????????????????????????????? | | ?????????????????????????????????????????????????? | | ?????????????????????????????????????????????????? | | ?????????????????????????????????????????????????? | | ?????????????????????????????????????????????????? | | ?????????????????????????????????????????????????? | | ???????????????????????????? ???????????????????? | | ????????????????####???????t #???????????????????? | | ?????????########""#???????w #???????????????????? | | ?????????# #???????? #???????????????????? | | ?????????#" #???????? ####????????????????? | | ?????????#T #???????? ?????????????????? | | ##?##????#" #??????? ??????????????????? | | "##"#????# // #??????? ???????????????????? | | /!!"#????#[ // #??????? #???????????????????? | | !!!##????# #??????? #???????????????????? | | !!!#????## ![ #??????? #??????????????????!? | | !!=##?### * #?????## ##??????????????????? | | *!]!###""#####+########## #??????????????????? | | [! = % #??????????????????? | | @ #??????????????????? | | %%/H % #??????????????????? | | ############;;;###### #??????????????????? | | ##??????# ^%!! #?#######??????????????????? | | #??????## % = ##??????????????????????????? | | #??????#% ! ] #???????????????????????????? | | ##?????#/%% #???????????????????????????? | | "#?????##%=S """ #???????????????????????????? | | ##??????#=""" """ #???????????????????????????? | | #???????# "" """ #???????????????????????????? | | ##"#???????# #???????????????????????????? | | ?###???????###########???????????????????????????? | | ?????????????????????????????????????????????????? | | ?????????????????????????????????????????????????? | | ?????????????????????????????????????????????????? | | ?????????????????????????????????????????????????? | | ?????????????????????????????????????????????????? | | ?????????????????????????????????????????????????? | | ?????????????????????????????????????????????????? | | ?????????????????????????????????????????????????? | | ?????????????????????????????????????????????????? | | | | | | | | | +----------------------------------------------------+ Best States ------------- Heat Dissipation 53 Energy Generation 18 Energy Capacity 250 Matter Stores 300 Matter Capacity 300 Sight Range 16 Robot Scan Range 14 Terrain Scan Density 10 Additional Mass Support 6 Armor Coverage 225 Resistance: TH 15 Evasion (%) 55 Recoil Reduction 2 Item Schematics ----------------- None Robot Schematics ------------------ None Fabricated ------------ Nothing Repaired ---------- Nothing Studied --------- None Alien Tech Used ----------------- None Achievements -------------- None Challenges ------------ None Game ------ Seed LaunchCloakDissipator Manual? 0 Play Time 00:37:14 Cumulative 119.7 hours Start 2026.04.24 @ 09:03:05 End 2026.04.24 @ 09:40:23 Sessions 1 Manual Loads 0 Difficulty Rogue Special Mode None Game No. 125 Rogue 125 Adventurer 0 Explorer 0 Win Type - Total 0 Types 0/0/0/0/0/0/0/0/0/0 Lore% 64 Gallery% 48 Achievement% 40 Wizard Run 0 Options --------- Layout 0 ASCII 0 Keyboard 1 Movement Vi Keybinds 0 Fullscreen 2 Font 18/SmallcapsGlow Map View 76x50 Zoom Use 0% Tactical HUD 1 Map Filters NONE Filters NONE Steam 1 RUN: ed8f4e7f-f401-4553-926e-d11af05d2cce